 Dungeon Crawl Stone Soup version 0.32-a0-898-g7811c86cf0 (webtiles) character file.

Game seed: 6848005495426642360

375 Biggs the Shooter (level 6, -2/44 HPs)
             Began as a Coglin Hunter on Apr 5, 2024.
             Was a Follower of Okawaru.
             Slain by a kobold brigand
             ... wielding a +0 whip
              (5 damage)
             ... on level 4 of the Dungeon.
             The game lasted 00:04:08 (2745 turns).

Biggs the Shooter (Coglin Hunter)                   Turns: 2745, Time: 00:04:09

Health: -2/44      AC:  6    Str: 19    XL:     6   Next: 72%
Magic:  6/6        EV: 11    Int:  7    God:    Okawaru [*.....]
Gold:   167        SH:  0    Dex: 17    Spells: 5/5 levels left

rFire   . . .        a - +2 sling {Marisol}
rCold   . . .        d - +0 sling {Sizwe}
rNeg    . . .        c - +0 leather armour
rPois   .            r - +2 helmet
rElec   .            (no cloak)
rCorr   .            (no gloves)
SInv    .            (no boots)
Will    .....        (amulet unavailable)
Stlth   ++           (ring unavailable)
HPRegen 0.27/turn    (ring unavailable)
MPRegen 0.10/turn    (no gizmo)

%: no passive effects
@: revved
A: off-hand wielding, slow wielding, warmup strikes, no jewellery, strong 2
a: Invent Gizmo, Renounce Religion, Heroism


You were on level 4 of the Dungeon.
You worshipped Okawaru.
Okawaru was aware of your devotion.
You visited 1 branch of the dungeon, and saw 4 of its levels.

You collected 167 gold pieces.

Inventory:

Hand Weapons
 a - a +2 sling (weapon) {Marisol}
 d - a +0 sling (offhand) {Sizwe}
Armour
 c - a +0 leather armour (worn)
 g - a +0 helmet
 r - a +2 helmet (worn)
Wands
 m - a wand of paralysis (9)
 s - a wand of mindburst (21)
Scrolls
 b - a scroll of butterflies
 e - 5 scrolls of identify {unknown}
 f - a scroll of enchant armour {unknown}
 i - 2 scrolls of vulnerability {unknown}
 k - a scroll of noise {unknown}
 l - a scroll of fear {unknown}
 n - a scroll of enchant weapon {unknown}
Potions
 h - a potion of mutation
 j - 2 potions of curing
 o - 2 potions of haste {unknown}
 p - a potion of might {unknown}
 q - a potion of cancellation {unknown}
 t - a potion of lignification {unknown}


   Skills:
 - Level 2.0 Fighting
 + Level 7.1 Ranged Weapons
 - Level 1.7 Dodging
 - Level 0.7 Stealth


You had 5 spell levels left.
You didn't know any spells.
Your spell library was empty.

Dungeon Overview and Level Annotations

Branches:
Dungeon (4/15)
 Temple: D:4-7

Altars:
Okawaru
Zin

Shops:
D:3 [


Innate Abilities, Weirdness & Mutations

You can wield a second weapon in your off-hand.
It takes a long time for you to wield or remove held weapons.
Your first few attacks do less damage.
You cannot equip rings or amulets.
Your muscles are very strong. (Str +8, Int/Dex -2)


Message History

Press: ? - help, Q - select action, (/) - cycle Shift-Dir - straight line, f/p - kobold brigand
Aim: a kobold brigand, wielding a +0 whip and quivering poisoned darts (severely wounded, 58% to hit)
You shoot a sling bullet.
The sling bullet closely misses the kobold brigand.
You shoot a sling bullet.
The sling bullet completely misses the kobold brigand.
The kobold brigand hits you with a +0 whip.
* * * LOW HITPOINT WARNING * * *
Unknown command.
Fire: a) +2 sling {Marisol}
Press: ? - help, Q - select action, (/) - cycle Shift-Dir - straight line, f/p - kobold brigand
Aim: a kobold brigand, wielding a +0 whip and quivering poisoned darts (severely wounded, 58% to hit)
You shoot a sling bullet.
The sling bullet hits the kobold brigand.
The kobold brigand is almost dead.
You shoot a sling bullet.
The sling bullet hits the kobold brigand but does no damage.
The kobold brigand is almost dead.
The kobold brigand barely misses you.
Unknown command.
Fire: a) +2 sling {Marisol}
Press: ? - help, Q - select action, (/) - cycle Shift-Dir - straight line, f/p - kobold brigand
Aim: a kobold brigand, wielding a +0 whip and quivering poisoned darts (almost dead, 58% to hit)
You shoot a sling bullet.
The sling bullet misses the kobold brigand.
You shoot a sling bullet.
The sling bullet barely misses the kobold brigand.
The kobold brigand hits you with a +0 whip!
* * * LOW HITPOINT WARNING * * *
Unknown command.
Fire: a) +2 sling {Marisol}
Press: ? - help, Q - select action, (/) - cycle Shift-Dir - straight line, f/p - kobold brigand
Aim: a kobold brigand, wielding a +0 whip and quivering poisoned darts (almost dead, 58% to hit)
You shoot a sling bullet.
The sling bullet hits the kobold brigand but does no damage.
The kobold brigand is almost dead.
You shoot a sling bullet.
The sling bullet barely misses the kobold brigand.
The kobold brigand hits you with a +0 whip.
You die...

##.#.#########..
.##.#.## ( #.##.#.##
.#.##.#.##
#.#.##.#.##
###.#.##.#.##
##.##.#.##.#.##
##.#.##.#K##.#.##
##.#.#.##.#@##.#)##
##.#..)#.##.#.##.#.##
#.#.##..)(##.#.##.#)#
#.#.##.#...#.##.#.##
##.#.##.#.#.##.#.##
##)#(##)#.##.#.##
##.#.##.##.#.##
##.#.###.#.##
##.#.#.#.##


You could see a kobold brigand.

Vanquished Creatures
  An ogre (D:4)
  A scorpion (D:4)
  2 orc priests
  An iguana (D:3)
  7 adders
  A dart slug (D:3)
  A ribbon worm (D:3)
  7 orcs
  10 ball pythons
  8 endoplasms
  A giant cockroach (D:2)
  9 goblins
  6 hobgoblins
  2 quokkas
  3 bats
  2 frilled lizards
  11 kobolds
  7 rats
80 creatures vanquished.

Notes
Turn   | Place    | Note
-------+----------+-------------------------------------------
     0 | D:1      | Biggs the Coglin Hunter began the quest for the Orb.
     0 | D:1      | Reached XP level 1. HP: 16/16 MP: 1/1
   182 | D:1      | Reached skill level 4 in Ranged Weapons
   182 | D:1      | Reached XP level 2. HP: 22/22 MP: 2/2
   649 | D:1      | Reached XP level 3. HP: 27/27 MP: 3/3
  1388 | D:2      | Reached skill level 5 in Ranged Weapons
  1388 | D:2      | Reached XP level 4. HP: 28/33 MP: 4/4
  1450 | D:3      | Found an iron altar of Okawaru.
  1479 | D:3      | Became a worshipper of Warmaster Okawaru
  1507 | D:3      | Reached XP level 5. HP: 26/38 MP: 5/5
  1665 | D:3      | Found Vuemmekk's Armour Shoppe.
  1695 | D:3      | Reached skill level 6 in Ranged Weapons
  1907 | D:3      | Found a faded altar of an unknown god.
  1947 | D:3      | Found a glowing silver altar of Zin.
  2269 | D:3      | Reached XP level 6. HP: 5/44 MP: 6/6
  2422 | D:4      | Gained mutation: Your muscles are strong. (Str +4, Int/Dex
                  | -1) [potion of mutation]
  2422 | D:4      | Gained mutation: Your muscles are very strong. (Str +8,
                  | Int/Dex -2) [potion of mutation]
  2433 | D:3      | HP: 1/44 [poisoned by a scorpion]
  2652 | D:4      | Reached * piety under Okawaru
  2653 | D:4      | Reached skill level 7 in Ranged Weapons
  2745 | D:4      | Slain by a kobold brigand

Illustrated notes

Levels and vault maps discovered:
D:1:      mainiacjoe_arrival_oval_in_oval, layout_basic, due_unseen_surprise
D:2:      layout_basic
D:3:      layout_rooms, zin_scriptorium, okawaru_ov_weapons_minmay,
          ebering_ecumenical_altar_petrified, serial_shops,
          nicolae_shop_behind_doors, roderic_serpentine_path,
          minmay_snake_closets
D:4:      minmay_inner_zag, layout_layer_cave, general_overflow_altar,
          nicolae_ru_great_annihilating_truth, uniq_edmund

Skill      XL: |  1  2  3  4  5  6 |
---------------+-------------------+-----
Ranged Weapons | 4 5 6 7 |  7.1
Fighting       | |  2.0
Dodging        | |  1.7
Stealth        | |  0.7

Action                     |  1- 3 |  4- 6 || total
---------------------------+-------+-------++-------
   Fire: Sling             |   148 |   258 ||   406
    Use: Potion            |       |     2 ||     2
 Armour: Leather armour    |    11 |    50 ||    61
  Dodge: Dodged            |     9 |    46 ||    55

Table legend: (Time is in decaauts)
 A = Elapsed time spent in this place.
 B = Non-inter-level travel time spent in this place.
 C = Inter-level travel time spent in this place.
 D = Time resting spent in this place.
 E = Time spent auto-exploring this place.
 F = Levels seen in this place.
 G = Mean time per level.
                   A        B        C        D        E       F      G
               +--------+--------+--------+--------+--------+-----+--------+
         Total |   2782 |   2719 |     63 |    341 |   1954 |   4 |  695.5 |
       Dungeon |   2782 |   2719 |     63 |    341 |   1954 |   4 |  695.5 |
               +--------+--------+--------+--------+--------+-----+--------+

Top non-repeatable levels by time:
     D:3: 1130 daAuts
     D:1: 936 daAuts
     D:2: 516 daAuts
     D:4: 199 daAuts
